 Dungeon Crawl Stone Soup version 0.30.1-3-gfc49f6343a (webtiles) character file.

Game seed: 12830195446319445736

8605 Inchmeat the Slicer (level 11, -18/83 HPs)
             Began as a Gnoll Wanderer on July 30, 2023.
             Was an Initiate of Ashenzari.
             Killed by an exploding butterfly (19 damage)
             ... ignited by their inner flame
             ... on level 9 of the Dungeon.
             The game lasted 00:30:23 (12457 turns).

Inchmeat the Slicer (Gnoll Wanderer)               Turns: 12457, Time: 00:30:24

Health: -18/83     AC: 10    Str: 17    XL:     11   Next: 33%
Magic:  0/21       EV: 17    Int: 15    God:    Ashenzari [......]
Gold:   530        SH:  0    Dex: 10    Spells: 23/24 levels left

rFire   . . .        H - +2 rapier (venom)
rCold   . . .        (no shield)
rNeg    . . .        C - +0 ring mail
rPois   .            (no helmet)
rElec   +            M - +0 cloak "Wesialo" {rElec Will+ Str+3}
rCorr   .            D - +0 pair of gloves
SInv    .            m - +0 pair of boots
Will    +....        F - amulet "Gaze Upon Infinity" {Spirit, Range, Melee} (curse)
Stlth   +++          y - +5 ring of evasion
HPRegen 0.33/turn    (no ring)
MPRegen 0.17/turn

%: guardian spirit
@: no status effects
A: fangs 1, strong nose, distributed training
a: Renounce Religion, Shatter the Chains


You were on level 9 of the Dungeon.
You worshipped Ashenzari.
Ashenzari was noncommittal.
You visited 2 branches of the dungeon, and saw 11 of its levels.

You collected 530 gold pieces.

Inventory:

Hand Weapons
 a - a +2 short sword
 o - a +2 scimitar of flaming
 H - a +2 rapier of venom (weapon)
Missiles
 q - 13 boomerangs
 u - 10 silver boomerangs (quivered)
 x - a throwing net
Armour
 m - a +0 pair of boots (worn)
 C - a +0 ring mail (worn)
 D - a +0 pair of gloves (worn)
 G - the +0 cloak "Umijus" {Will+ SInv Stlth-}
   (You found it on level 7 of the Dungeon)

   SInv:      It lets you see invisible.
   Will:      It increases your willpower.
   Stlth:     It makes you less stealthy.
 M - the +0 cloak "Wesialo" (worn) {rElec Will+ Str+3}
   (You found it on level 9 of the Dungeon)

   Str:       It affects your strength (+3).
   rElec:     It insulates you from electricity.
   Will:      It increases your willpower.
Jewellery
 y - a +5 ring of evasion (left hand)
 F - the cursed amulet "Gaze Upon Infinity" (around neck) {Spirit, Range, Melee}
   (You found it on level 6 of the Dungeon)

   [amulet of guardian spirit]

   It causes incoming damage to be divided between your reserves of health and
   magic.
   It has a curse which improves the following skills: Ranged Combat: Ranged
   Weapons and Throwing.
   Melee Combat: Short Blades, Long Blades, Axes, Maces & Flails, Polearms,
   Staves and Unarmed Combat.
Wands
 b - a wand of polymorph (5)
 s - a wand of roots (1)
 z - a wand of flame (13)
 I - a wand of mindburst (13)
Scrolls
 g - 4 scrolls of amnesia
 h - 2 scrolls of immolation
 j - 4 scrolls of teleportation {unknown}
 k - 3 scrolls of vulnerability {unknown}
 l - a scroll of fear {unknown}
 n - 4 scrolls of brand weapon {unknown}
 p - a scroll of blinking {unknown}
 r - 2 scrolls of enchant weapon {unknown}
 A - a scroll of torment {unknown}
 J - a scroll of fog {unknown}
 L - a scroll of enchant armour {unknown}
Potions
 e - a potion of magic
 f - 3 potions of attraction
 i - 2 potions of flight
 t - a potion of cancellation
 v - a potion of haste
 w - 3 potions of brilliance
 B - 5 potions of heal wounds
 E - a potion of resistance
 K - 2 potions of berserk rage


   Skills:
 + Level 6.4 Fighting
 + Level 10.7(11.1) Short Blades
 + Level 6.4(6.8) Long Blades
 + Level 6.4(6.8) Axes
 + Level 6.4(6.8) Maces & Flails
 + Level 6.4(6.8) Polearms
 + Level 6.4(6.8) Staves
 + Level 6.4(6.8) Ranged Weapons
 + Level 6.4(6.8) Throwing
 + Level 7.0 Armour
 + Level 6.4 Dodging
 + Level 6.9 Stealth
 + Level 6.4 Shields
 + Level 6.4(6.8) Unarmed Combat
 + Level 7.1 Spellcasting
 + Level 5.3 Conjurations
 + Level 5.3 Hexes
 + Level 5.3 Summonings
 + Level 5.3 Necromancy
 + Level 5.3 Translocations
 + Level 5.3 Transmutations
 + Level 6.6 Fire Magic
 + Level 5.3 Ice Magic
 + Level 5.3 Air Magic
 + Level 5.3 Earth Magic
 + Level 5.3 Poison Magic
 + Level 7.0 Invocations
 + Level 7.0 Evocations


You had 23 spell levels left.
You knew the following spells:

 Your Spells              Type           Power      Damage    Failure   Level
a - Foxfire               Conj/Fire      92%        2x1d8     1%          1

Your spell library contained the following spells:

 Spells                   Type           Power      Damage    Failure   Level
 Ignite Poison            Fire/Tmut/Pois 22%        N/A       6%          3
 Call Canine Familiar     Summ           21%        N/A       8%          3
 Portal Projectile        Hex/Tloc       42%        N/A       8%          3
 Leda's Liquefaction      Hex/Erth       10%        N/A       24%         4


Dungeon Overview and Level Annotations

Branches:
Dungeon (10/15)            Temple (1/1) D:7
   Lair: D:8-11         Orc: D:9-12

Altars:
Ashenzari
Cheibriados
Elyvilon
Fedhas
Gozag
Hepliaklqana
Kikubaaqudgha
Makhleb
Nemelex Xobeh
Okawaru
Qazlal
Ru
Sif Muna
Trog
Uskayaw
Vehumet
Wu Jian
Xom
Yredelemnul
Zin
The Shining One

Shops:
D:5 =


Innate Abilities, Weirdness & Mutations

You have very sharp teeth.
Your uncanny sense of smell can sniff out nearby items.
Your experience applies equally to all skills.


Message History

Your butterfly is poisoned.
Your butterfly disappears in a burst of colours!
Your butterfly explodes!
Your butterfly is engulfed in poison gas.
Your butterfly is poisoned.
Your butterfly disappears in a burst of colours!
Your butterfly explodes!
The fiery explosion engulfs your butterfly!
Your butterfly disappears in a burst of colours!
The fiery explosion engulfs your butterfly!!
Your butterfly disappears in a burst of colours!
Your butterfly explodes!
The fiery explosion engulfs your butterfly!!!
Your butterfly disappears in a burst of colours!
The fiery explosion engulfs your butterfly!
Your butterfly disappears in a burst of colours!
The fiery explosion engulfs your butterfly!!
Your butterfly disappears in a burst of colours!
Your butterfly explodes! x2
The fiery explosion engulfs your butterfly!!
Your butterfly disappears in a burst of colours!
The fiery explosion engulfs your butterfly!!
Your butterfly disappears in a burst of colours!
The fiery explosion engulfs your butterfly!!
Your butterfly disappears in a burst of colours!
Your butterfly explodes!
The fiery explosion engulfs your butterfly!!
Your butterfly disappears in a burst of colours!
Your butterfly explodes!
The fiery explosion engulfs your butterfly!
Your butterfly disappears in a burst of colours!
Your butterfly explodes!
The fiery explosion engulfs you!!
* * * LOW HITPOINT WARNING * * *
Your butterfly explodes! x2
The fiery explosion engulfs you!
* * * LOW HITPOINT WARNING * * *
Your butterfly explodes!
The fiery explosion engulfs you!!
You die...

.#......#. #≈~...~≈#..
#.§§§§§..#####≈~..~≈≈#..
###§§§§......####.####..
#§§§§.................
###§§§§....<....########
#§§§§§b........<#
#§§§§§§#####....#
#§§§§§§#§§§#....#
#§§§§§§@§§§#....#
#§§§§§§#§§§#....#
#§§§§§§#§§§#....########
#§§§§§§#§§§#............
#§§§§§§#§§§#............
#§§§§§§#####.....##.....
#§§§b§§..........######)
#§§§§§§...........# ##)#
#.................###.##


There were no monsters in sight!

Vanquished Creatures
  Erica (D:9)
  2 two-headed ogres (D:9)
  Pikel (D:8)
  Joseph (D:9)
  Maurice (D:8)
  A tengu conjurer (D:8)
  A troll (D:9)
  A polar bear (D:9)
  A hornet (D:10)
  A shadow (D:9)
  A wraith (D:9)
  A yak (D:10)
  A steam dragon (D:8)
  An unseen horror simulacrum (D:9)
  2 water moccasins (D:5)
  A sky beast (D:7)
  3 ice beasts
  5 black bears
  2 orc warriors
  3 ogres
  3 centaurs
  A lemure (D:8)
  5 bullfrogs
  A scorpion (D:5)
  3 wights
  7 killer bees
  2 electric eels (D:9)
  7 howler monkeys
  A centaur zombie (D:6)
  5 bullfrog zombies (D:6)
  A hound (D:6)
  A human zombie (D:6)
  6 orc priests
  2 gnoll boudas
  2 jellies
  6 iguanas
  2 sleepcaps (D:6)
  7 orc wizards
  A centaur simulacrum (D:9)
  3 mummies (D:6)
  3 gnolls
  9 adders
  7 white imps
  3 ufetubi
  4 worms
  3 dart slugs
  37 orcs
  15 ball pythons
  7 endoplasms
  3 giant cockroaches
  8 goblins
  5 hobgoblins
  8 jackals
  5 quokkas
  3 bats
  3 frilled lizards
  A kobold (D:2)
  6 rats
227 creatures vanquished.

Vanquished Creatures (others)
  A centaur simulacrum (D:9)
  51 foxfires
52 creatures vanquished.

Grand Total: 279 creatures vanquished

Notes
Turn   | Place    | Note
-------+----------+-------------------------------------------
     0 | D:1      | Inchmeat the Gnoll Wanderer began the quest for the Orb.
     0 | D:1      | Inchmeat set off with the following items: a +2 short
                  | sword, a wand of polymorph (4), a potion of lignification,
                  | a +0 leather armour; and the following spell memorised:
                  | Foxfire; and the following spells available to memorise:
                  | Ignite Poison.
     0 | D:1      | Reached XP level 1. HP: 13/13 MP: 4/4
   130 | D:1      | Reached XP level 2. HP: 19/19 MP: 5/5
   413 | D:1      | Reached XP level 3. HP: 22/25 MP: 7/7
   748 | D:2      | Reached skill level 1 in Invocations
   783 | D:2      | Reached skill level 1 in Fighting
   783 | D:2      | Reached skill level 1 in Long Blades
   783 | D:2      | Reached skill level 1 in Axes
   783 | D:2      | Reached skill level 1 in Maces & Flails
   783 | D:2      | Reached skill level 1 in Polearms
   783 | D:2      | Reached skill level 1 in Staves
   783 | D:2      | Reached skill level 1 in Ranged Weapons
   783 | D:2      | Reached skill level 1 in Throwing
   783 | D:2      | Reached skill level 1 in Dodging
   783 | D:2      | Reached skill level 1 in Shields
   783 | D:2      | Reached skill level 1 in Unarmed Combat
  1625 | D:3      | Reached XP level 4. HP: 27/32 MP: 6/8
  1761 | D:3      | Reached skill level 1 in Conjurations
  1761 | D:3      | Reached skill level 1 in Hexes
  1761 | D:3      | Reached skill level 1 in Summonings
  1761 | D:3      | Reached skill level 1 in Necromancy
  1761 | D:3      | Reached skill level 1 in Translocations
  1761 | D:3      | Reached skill level 1 in Transmutations
  1761 | D:3      | Reached skill level 1 in Ice Magic
  1761 | D:3      | Reached skill level 1 in Air Magic
  1761 | D:3      | Reached skill level 1 in Earth Magic
  1761 | D:3      | Reached skill level 1 in Poison Magic
  1818 | D:3      | Noticed a black bear
  1825 | D:3      | Killed a black bear
  1826 | D:3      | Reached XP level 5. HP: 34/37 MP: 5/9
  2528 | D:4      | Found a blossoming altar of Fedhas.
  2536 | D:4      | Noticed a black bear
  2554 | D:4      | Killed a black bear
  2555 | D:4      | Reached XP level 6. HP: 20/44 MP: 8/11
  3352 | D:4      | Reached XP level 7. HP: 33/51 MP: 9/12
  3842 | D:5      | Entered Level 5 of the Dungeon
  3886 | D:5      | Reached skill level 9 in Short Blades
  5134 | D:5      | Reached XP level 8. HP: 56/58 MP: 8/14
  5199 | D:5      | Found Enoiziam's Jewellery Emporium.
  7057 | D:6      | Found an ancient bone altar of Kikubaaqudgha.
  7116 | D:6      | Reached skill level 5 in Fire Magic
  7142 | D:6      | Reached XP level 9. HP: 56/65 MP: 13/16
  7289 | D:6      | Reached skill level 5 in Spellcasting
  7602 | D:6      | Reached skill level 5 in Armour
  7602 | D:6      | Reached skill level 5 in Evocations
  8137 | D:7      | Reached skill level 5 in Stealth
  8621 | D:7      | Found a staircase to the Ecumenical Temple.
  8718 | D:7      | Found a transporter.
  8757 | Temple   | Entered the Ecumenical Temple
  8970 | Temple   | Became a worshipper of Ashenzari the Shackled
  9029 | D:7      | Found a transporter.
  9033 | D:7      | Identified the staff of death "Plog" {rN+ Str+6 Dex-2}
  9509 | D:7      | Noticed an orc knight
  9515 | D:7      | Reached skill level 5 in Invocations
  9568 | D:7      | Identified the +0 cloak "Umijus" {Will+ SInv Stlth-}
  9706 | D:8      | Noticed Maurice
  9722 | D:8      | Killed Maurice
  9803 | D:8      | Noticed Pikel
  9807 | D:8      | Noticed a tengu conjurer
  9816 | D:8      | Killed Pikel
  9817 | D:8      | Reached skill level 5 in Fighting
  9817 | D:8      | Reached skill level 10 in Short Blades
  9817 | D:8      | Reached skill level 5 in Long Blades
  9817 | D:8      | Reached skill level 5 in Axes
  9817 | D:8      | Reached skill level 5 in Maces & Flails
  9817 | D:8      | Reached skill level 5 in Polearms
  9817 | D:8      | Reached skill level 5 in Staves
  9817 | D:8      | Reached skill level 5 in Ranged Weapons
  9817 | D:8      | Reached skill level 5 in Throwing
  9817 | D:8      | Reached skill level 5 in Dodging
  9817 | D:8      | Reached skill level 5 in Shields
  9817 | D:8      | Reached skill level 5 in Unarmed Combat
  9817 | D:8      | Reached XP level 10. HP: 71/74 MP: 14/18
 10107 | D:8      | Found a hide-covered altar of Uskayaw.
 10108 | D:8      | Found a radiant altar of Vehumet.
 11455 | D:9      | Noticed a two-headed ogre
 11478 | D:9      | Killed a two-headed ogre
 11619 | D:9      | Noticed Erica
 11620 | D:9      | Noticed Joseph
 11664 | D:10     | Entered Level 10 of the Dungeon
 11755 | D:10     | Reached skill level 5 in Conjurations
 11755 | D:10     | Reached skill level 5 in Hexes
 11755 | D:10     | Reached skill level 5 in Summonings
 11755 | D:10     | Reached skill level 5 in Necromancy
 11755 | D:10     | Reached skill level 5 in Translocations
 11755 | D:10     | Reached skill level 5 in Transmutations
 11755 | D:10     | Reached skill level 5 in Ice Magic
 11755 | D:10     | Reached skill level 5 in Air Magic
 11755 | D:10     | Reached skill level 5 in Earth Magic
 11755 | D:10     | Reached skill level 5 in Poison Magic
 11755 | D:10     | Reached XP level 11. HP: 62/81 MP: 8/21
 11916 | D:9      | Killed Erica
 11920 | D:9      | Killed Joseph
 12114 | D:9      | Identified the +0 cloak "Wesialo" {rElec Will+ Str+3}
 12311 | D:9      | Noticed a two-headed ogre
 12327 | D:9      | Killed a two-headed ogre
 12457 | D:9      | HP: 1/83 [spore (12)]
 12457 | D:9      | Killed by an exploding butterfly... ignited by their inner
                  | flame

Illustrated notes

Levels and vault maps discovered:
D:1:      onia_arrival_mini_spirals, layout_rooms
D:2:      layout_basic, kennysheep_doodads
D:3:      layout_loops_ring, grunt_decor_one_mirror, minmay_tree_intersection,
          minmay_snake_closets
D:4:      layout_loops_ring, lemuel_doored_altar
D:5:      layout_loops_ring, serial_shops, shop
D:6:      layout_rooms, lemuel_mausoleum_altar_kikubaaqudgha
D:7:      gammafunk_beogh_shrine, layout_loops_corners, lemuel_temple_firewalk_b
D:8:      layout_gridville, gammafunk_temple_overflow_pools, minmay_microvault,
          uniq_pikel, uniq_maurice
D:9:      minmay_ornate_pinched, layout_irregular_city, serial_ice,
          serial_ice_f, serial_ice_b, serial_ice_h, serial_ice_i, serial_ice_n,
          serial_ice_d, serial_ice_a, serial_ice_m, serial_ice_g, serial_ice_e,
          uniq_psyche, uniq_erica, uniq_joseph
D:10:     layout_rooms, mainiacjoe_overflow_brackets,
          minmay_orc_entry_temple_small
Temple:   nicolae_temple_bog_church

Skill      XL: |  1  2  3  4  5  6  7  8  9 10 11 |
---------------+----------------------------------+-----
Invocations    | 1 2 3 4 5 6 7 |  7.0
Fighting       | 1 2 3 5 6 |  6.4
Long Blades    | 1 2 3 5 6 |  6.4
Axes           | 1 2 3 5 6 |  6.4
Maces & Flails | 1 2 3 5 6 |  6.4
Polearms       | 1 2 3 5 6 |  6.4
Staves         | 1 2 3 5 6 |  6.4
Ranged Weapons | 1 2 3 5 6 |  6.4
Throwing       | 1 2 3 5 6 |  6.4
Dodging        | 1 2 3 5 6 |  6.4
Shields        | 1 2 3 5 6 |  6.4
Unarmed Combat | 1 2 3 5 6 |  6.4
Spellcasting   | 3 4 5 6 7 |  7.1
Conjurations   | 1 2 3 4 5 |  5.3
Hexes          | 1 2 3 4 5 |  5.3
Summonings     | 1 2 3 4 5 |  5.3
Necromancy     | 1 2 3 4 5 |  5.3
Translocations | 1 2 3 4 5 |  5.3
Transmutations | 1 2 3 4 5 |  5.3
Ice Magic      | 1 2 3 4 5 |  5.3
Air Magic      | 1 2 3 4 5 |  5.3
Earth Magic    | 1 2 3 4 5 |  5.3
Poison Magic   | 1 2 3 4 5 |  5.3
Armour         | 3 4 5 6 7 |  7.0
Fire Magic     | 4 5 6 |  6.6
Evocations     | 3 4 5 6 7 |  7.0
Stealth        | 3 4 5 6 |  6.9
Short Blades   | 9 10 | 10.7

Action                     |  1- 3 |  4- 6 |  7- 9 | 10-12 || total
---------------------------+-------+-------+-------+-------++-------
  Melee: Short sword       |   153 |   139 |   492 |       ||   784
         Bite              |    11 |    15 |    82 |    30 ||   138
         Punch             |     5 |     3 |    17 |    12 ||    37
         Rapier            |       |       |   148 |   276 ||   424
  Throw: Boomerang         |       |       |    12 |     6 ||    18
   Cast: Foxfire           |     2 |    12 |    16 |       ||    30
 Invoke: Curse Item        |       |       |       |     1 ||     1
  Evoke: Wand              |       |       |    17 |    12 ||    29
    Use: Scroll            |     3 |       |     6 |     5 ||    14
         Potion            |       |       |     4 |     4 ||     8
   Stab: Sleeping          |     2 |     8 |     4 |     1 ||    15
 Armour: Leather armour    |    24 |    28 |    18 |       ||    70
         Skin              |       |       |     8 |       ||     8
         Ring mail         |       |       |    88 |    84 ||   172
  Dodge: Dodged            |    49 |    55 |   265 |   305 ||   674
